 Dungeon Crawl Stone Soup version 0.31-a0-1068-g5939ac1fb6 (webtiles) character file.

Game seed: 7377256656054192551

23 kae the Vexing (level 2, -3/19 HPs)
             Began as a Demonspawn Enchanter on Nov 23, 2023.
             Slain by an adder (4 damage)
             ... on level 2 of the Dungeon.
             The game lasted 00:00:29 (766 turns).

kae the Vexing (Demonspawn Enchanter)                Turns: 766, Time: 00:00:29

Health: -3/19      AC:  2    Str:  8    XL:     2   Next: 75%
Magic:  5/5        EV: 12    Int: 16    God:
Gold:   41         SH:  0    Dex: 13    Spells: 5/5 levels left

rFire   . . .        a - +1 dagger
rCold   . . .        (no shield)
rNeg    . . .        b - +0 robe
rPois   .            (no helmet)
rElec   .            (no cloak)
rCorr   .            (no gloves)
SInv    .            (no boots)
Will    .....        (no amulet)
Stlth   ++           (no ring)
HPRegen 0.23/turn    (no ring)
MPRegen 0.09/turn

%: no passive effects
@: lethally poisoned (-3 -> -7)
A: powered by pain 1
a: no special abilities


You were on level 2 of the Dungeon.
You visited 1 branch of the dungeon, and saw 2 of its levels.

You collected 41 gold pieces.


Innate Abilities, Weirdness & Mutations

You sometimes gain a little power by taking damage.


   Skills:
 * Level 1.4 Short Blades
 + Level 2.0 Dodging
 + Level 2.8 Stealth
 + Level 2.1 Spellcasting
 * Level 3.3 Hexes


You had 5 spell levels left.
You didn't know any spells.
Your spell library contained the following spells:

 Spells                   Type           Power      Damage    Failure   Level
 Ensorcelled Hibernation  Hex/Ice        14%        N/A       16%         2
 Confusing Touch          Hex            12%        N/A       16%         3
 Tukima's Dance           Hex            12%        N/A       16%         3
 Dazzling Flash           Conj/Hex       14%        N/A       30%         3

Inventory:

Hand Weapons
 a - a +1 dagger (weapon)
Missiles
 d - 3 stones
Armour
 b - a +0 robe (worn)
Jewellery
 C - a ring of ice
   (You found it on level 1 of the Dungeon)
Scrolls
 e - a scroll of revelation {unknown}
 f - a scroll of fear {unknown}
Potions
 c - 2 potions of invisibility

Dungeon Overview and Level Annotations

Branches:
Dungeon (2/15) Zot: 11237

Altars:

Shops:
D:1

( ..... ..... ###
...... .. #.....
#.# ......###..##.#
.......#..# #.#
......†K.####.#
......S@......#
#......#......#
##............#####
..................#
..................#
.>#............<..#
# #...............#
#........########
#........#


You could see an adder and a kobold.


Message History

No target in view!
No target in view!
Done exploring.
No target in view!
No target in view!
Done exploring.
No target in view!
No target in view!
Done exploring.
No target in view!
No target in view!
There is a stone staircase leading down here.
You climb downwards.
There is a stone staircase leading up here.
An endoplasm is nearby!
Okay, then.
Okay, then.
An endoplasm is nearby!
An endoplasm is nearby!
The helpless endoplasm fails to defend itself.
You puncture the endoplasm!
You kill the endoplasm!
No target in view!
An adder comes into view.
An adder comes into view.
A kobold comes into view. It is wielding a +0 club.
Found a stone staircase leading down.
The adder hisses angrily. x2
The kobold moves out of view.
There are monsters nearby!
The kobold shouts!
You hit the adder but do no damage.
You hear a shout!
The adder bites you.
You are poisoned.
The adder poisons you! 😕 HP[-1]
You take 1 damage, and now have 18/19 hp.
You barely miss the adder.
You feel sick. The adder closely misses you. The adder misses you.
You hit the adder but do no damage.
You feel sick. The adder bites you but does no damage.
The adder barely misses you. The adder completely misses you.
The adder bites you but does no damage. 😕 HP[-2]
You take 2 damage, and now have 16/19 hp.
You miss the adder.
You feel sick. The adder bites you. x2
You are too injured to fight recklessly! 😮 HP[-3]
You take 3 damage, and now have 13/19 hp.
You are too injured to fight recklessly!
You are too injured to fight recklessly!
Unknown command.
Okay, then.
You closely miss the adder.
You feel sick.
You are no longer poisoned.
The kobold closely misses you. The adder closely misses you.
The adder misses you. 😮 HP[-1]
You take 1 damage, and now have 12/19 hp.
Unknown command.
You hit the adder. The adder bites you but does no damage.
The kobold hits you with a +0 club. The adder barely misses you. 😮 HP[-1]
You take 1 damage, and now have 11/19 hp.
You miss the adder. The adder barely misses you. x2
The kobold hits you with a +0 club. The adder closely misses you. 😮 HP[-1]
You take 1 damage, and now have 10/19 hp.
You miss the adder. The adder barely misses you. The kobold closely misses you.
The adder closely misses you. The adder bites you.
* * * LOW HITPOINT WARNING * * *
😨 HP[-2]
You take 2 damage, and now have 8/19 hp.
Unknown command.
You hit the adder. The kobold hits you with a +0 club.
* * * LOW HITPOINT WARNING * * *
The adder closely misses you. The adder barely misses you.
You barely miss the adder. The adder closely misses you. The adder bites you.
* * * LOW HITPOINT WARNING * * *
The kobold closely misses you. 😨 HP[-2]
You take 2 damage, and now have 6/19 hp.
Unknown command.
You hit the adder. The adder misses you. The adder closely misses you.
The kobold barely misses you.
You hit the adder.
You kill the adder!
The adder bites you.
* * * LOW HITPOINT WARNING * * *
You are lethally poisoned!
The adder poisons you! The kobold hits you with a +0 club.
* * * LOW HITPOINT WARNING * * *
The adder barely misses you. 😱 HP[-4]
You take 4 damage, and now have 2/19 hp.
MASSIVE DAMAGE!! (PAUSE)
You closely miss the adder.
* * * LOW HITPOINT WARNING * * *
You feel sick. The adder bites you.
You die...

Skill      XL: |  1  2 |
---------------+-------+-----
Short Blades   | 1 |  1.4
Dodging        | 2 |  2.0
Stealth        | |  2.8
Spellcasting   | |  2.1
Hexes          | |  3.3

Action                     || total
---------------------------++-------
  Melee: Dagger            ||    64
   Stab: Sleeping          ||     3
 Armour: Robe              ||    33
  Dodge: Dodged            ||    47

Levels and vault maps discovered:
D:1:      arrival_aquarium_b, layout_basic, serial_shops,
          nicolae_shop_bloodbath_and_beyond
D:2:      cheibrodos_pilgrimage, layout_rooms, serial_undead, serial_undead_c,
          serial_undead_d, serial_undead_d, serial_undead_e, serial_undead_e,
          basic_altar, minmay_misc_feat_tower, minmay_tall_x

Notes
Turn   | Place    | Note
-------+----------+-------------------------------------------
     0 | D:1      | kae the Demonspawn Enchanter began the quest for the Orb.
     0 | D:1      | Reached XP level 1. HP: 13/13 MP: 3/3
     0 | D:1      | magus.rc [v1.11.3]
     3 | D:1      | Noticed an electric eel
     4 | D:1      | Noticed an electric eel
    91 | D:1      | Reached skill level 1 in Short Blades
   337 | D:1      | Found Ceseij's Weapon Shop.
   381 | D:1      | Gained mutation: You sometimes gain a little power by
                  | taking damage. [demonic ancestry]
   381 | D:1      | Reached XP level 2. HP: 16/19 MP: 5/5
   650 | D:1      | Reached skill level 2 in Dodging
   765 | D:2      | HP: 4/19 [adder (2)]
   766 | D:2      | HP: 1/19 [poisoned by an adder]
   766 | D:2      | Slain by an adder

Vanquished Creatures
  An adder (D:2)
  A ball python (D:1)
  A bat (D:1)
  3 endoplasms
  A goblin (D:1)
  2 hobgoblins (D:1)
  A quokka (D:1)
  A frilled lizard (D:1)
  A kobold (D:1)
  A rat (D:1)
13 creatures vanquished.

Table legend:
 A = Non-vault XP
 B = Vault XP
 C = Vault XP percentage of total XP
 D = Non-vault monster count
 E = Vault monster count
 F = Vault count percentage of total count
                 A         B        C        D         E       F
            +---------+---------+-------+---------+---------+-------
      Total |      34 |       0 |   0.0 |      13 |       0 |   0.0
            +---------+---------+-------+---------+---------+-------
        D:1 |      19 |       0 |   0.0 |      11 |       0 |   0.0
        D:2 |      15 |       0 |   0.0 |       2 |       0 |   0.0
            +---------+---------+-------+---------+---------+-------

Skill      XL: |  1  2 |
---------------+-------+-----
Short Blades   | 1 |  1.4
Dodging        | 2 |  2.0
Stealth        | |  2.8
Spellcasting   | |  2.1
Hexes          | |  3.3

Action                     || total
---------------------------++-------
  Melee: Dagger            ||    64
   Stab: Sleeping          ||     3
 Armour: Robe              ||    33
  Dodge: Dodged            ||    47

Illustrated notes

Table legend:
 A = Kills in this place as a percentage of kills in the entire game.
 B = Kills by you in this place as a percentage of kills by you in the entire game.
 C = Kills by friends in this place as a percentage of kills by friends in the entire game.
 D = Other kills in this place as a percentage of other kills in the entire game.
 E = Experience gained in this place as a percentage of experience gained in the entire game.
 F = Experience gained in this place divided by the number of levels of this place that you have seen.
                   A       B       C       D       E      F
               +-------+-------+-------+-------+-------+----------------------
         Total | 100.0 | 100.0 |   N/A |   N/A | 100.0 |  17.0
       Dungeon | 100.0 | 100.0 |   N/A |   N/A | 100.0 |  17.0
               +-------+-------+-------+-------+-------+----------------------

Table legend: (Time is in decaauts)
 A = Elapsed time spent in this place.
 B = Non-inter-level travel time spent in this place.
 C = Inter-level travel time spent in this place.
 D = Time resting spent in this place.
 E = Time spent auto-exploring this place.
 F = Levels seen in this place.
 G = Mean time per level.
                   A        B        C        D        E       F      G
               +--------+--------+--------+--------+--------+-----+--------+
         Total |    762 |    707 |     55 |      0 |    598 |   2 |  381.0 |
       Dungeon |    762 |    707 |     55 |      0 |    598 |   2 |  381.0 |
               +--------+--------+--------+--------+--------+-----+--------+

Top non-repeatable levels by time:
     D:1: 741 daAuts
     D:2: 20 daAuts
